 Dungeon Crawl Stone Soup version 0.30-a0-778-g2ef04afb54 (webtiles) character file.

Game seed: 14988190814099779976

58 Wobber the Insei (level 4, 0/28 HPs)
             Began as an Octopode Transmuter on Feb 16, 2023.
             Was an Initiate of Ashenzari.
             Slain by a black bear (6 damage)
             ... on level 4 of the Dungeon.
             The game lasted 00:09:01 (2761 turns).

Wobber the Insei (Octopode Transmuter)              Turns: 2761, Time: 00:09:02

Health: 0/28       AC:  1    Str:  9    XL:     4   Next: 2%
Magic:  3/7        EV: 13    Int: 17    God:    Ashenzari [......]
Gold:   684        SH:  0    Dex: 12    Spells: 4/7 levels left

rFire   . . .      SeeInvis .      - Unarmed
rCold   . . .      Faith    .    (no shield)
rNeg    . . .      Spirit   .    (helmet currently unavailable)
rPois   .          Reflect  .    (no amulet)
rElec   .          Harm     .    (no ring)
rCorr   .          Rampage  .    (no ring)
Will    .....                    (no ring)
Stlth   ++                       (no ring)
HPRegen 0.24/turn                (no ring)
MPRegen 0.10/turn                (no ring)
                                 (no ring)
                                 (no ring)

@: appendages, wereblooded
A: tentacle spike 3, almost no armour, amphibious, 8 rings, camouflage 1,
gelatinous body 1, (nimble swimmer 1), tentacles
a: End Transformation, Renounce Religion


You were on level 4 of the Dungeon.
You worshipped Ashenzari.
Ashenzari was noncommittal.
One of your tentacles had grown a beastly spike.
You visited 1 branch of the dungeon, and saw 4 of its levels.

You collected 684 gold pieces.

Inventory:

Hand Weapons
 a - a +0 sling
Missiles
 c - 6 stones
Magical Staves
 i - a staff of conjuration
Scrolls
 m - a scroll of enchant weapon {unknown}
 o - a scroll of silence {unknown}
Potions
 e - 2 potions of might
 j - 2 potions of heal wounds
 l - 2 potions of lignification
 n - a potion of resistance


   Skills:
 - Level 1.0 Fighting
 + Level 2.4 Dodging
 - Level 3.0 Unarmed Combat
 + Level 2.3 Spellcasting
 * Level 2.8 Transmutations
 * Level 1.9 Ice Magic


You had 4 spell levels left.
You knew the following spells:

 Your Spells              Type           Power      Damage    Failure   Level
a - Beastly Appendage     Tmut           22%        N/A       6%          1
b - Wereblood             Tmut           11%        N/A       9%          2

Your spell library contained the following spells:

 Spells                   Type           Power      Damage    Failure   Level
 Passwall                 Tmut/Erth      5%         N/A       16%         2
 Ensorcelled Hibernation  Hex/Ice        10%        N/A       19%         2
 Spider Form              Tmut/Pois      6%         N/A       30%         3
 Summon Guardian Golem    Hex/Summ       2%         N/A       50%         3
 Swiftness                Air            2%         N/A       50%         3
 Ice Form                 Ice/Tmut       10%        N/A       56%         4
 Animate Dead             Necr           2%         N/A       88%         4
 Blade Hands              Tmut           5%         N/A       85%         5
 Borgnjor's Vile Clutch   Necr/Erth      1%         N/A       99%         5
 Summon Forest            Summ/Tloc      1%         N/A       99%         5
 Death Channel            Necr           1%         N/A       100%        6
 Eringya's Noxious Bog    Tmut/Pois      3%         N/A       100%        6
 Iron Shot                Conj/Erth      1%         9d1       100%        6
 Orb of Destruction       Conj           1%         9d5       100%        7
 Spellforged Servitor     Conj/Summ      1%         N/A       100%        7
 Summon Hydra             Summ           1%         N/A       100%        7
 Animate Armour           Summ/Erth      Unusable   N/A       N/A         4

Dungeon Overview and Level Annotations

Branches:
Dungeon (4/15)             Temple (0/1) D:4

Altars:
Ashenzari
Qazlal
Uskayaw


Innate Abilities, Weirdness & Mutations

One of your tentacles has grown a beastly spike.
You cannot wear most types of armour.
You are amphibious.
You can wear up to eight rings at the same time.
Your skin changes colour to match your surroundings (Stealth+).
Your rubbery body absorbs attacks. (AC +1, EV +1)
((You are camouflaged when in or above water. (Stealth+)))
You have tentacles for arms and can constrict up to eight enemies at once.


Message History

Your transformation is almost over.
HP restored.
A black bear comes into view.
The black bear growls angrily.
Casting: Beastly Appendage (safe; 6% risk of failure)
Confirm with . or Enter, or press ? or * to list all spells.
Okay, then.
Casting: Beastly Appendage (safe; 6% risk of failure)
Confirm with . or Enter, or press ? or * to list all spells.
Your blood is infused with primal strength.
Your tentacle spike disappears.
Casting: Wereblood (safe; 9% risk of failure)
Confirm with . or Enter, or press ? or * to list all spells.
One of your tentacles grows a vicious spike.
You fail to extend your transformation any further.
You tentacle-slap the black bear. You grab the black bear.
You pierce the black bear, but do no damage.
The black bear is lightly wounded.
You constrict the black bear, but do no damage.
You tentacle-slap the black bear.
The black bear is moderately wounded.
You constrict the black bear. The black bear bites you!
The black bear claws you. x2
You tentacle-slap the black bear but do no damage.
You pierce the black bear.
You tentacle-slap the black bear. You squeeze the black bear!
The black bear is severely wounded.
You constrict the black bear, but do no damage.
The black bear closely misses you. The black bear barely misses you.
The black bear closely misses you.
You tentacle-slap the black bear.
The black bear is almost dead.
You constrict the black bear, but do no damage.
The black bear bites you!
* * * LOW HITPOINT WARNING * * *
The black bear barely misses you. x2
You tentacle-slap the black bear but do no damage.
The black bear is almost dead.
You constrict the black bear. The black bear bites you.
You die...

....####....#
#............#.##
.........♣.♣..<.##.##
..........>...........
.........♣.♣....##.###
#............#.## #
#.........#.####
#.....h.#...#
#.####.@..#).#
#.#.(#....##..#
#.#.(#._.## #+#
..#..#...# ..####...#
#.......## ###...###
..... ###.#


You could see a black bear and 2 dancing weapons.

Vanquished Creatures
  An adder (D:3)
  A worm (D:2)
  2 orcs (D:3)
  5 ball pythons
  3 endoplasms
  4 giant cockroaches
  7 goblins
  A hobgoblin (D:3)
  4 jackals (D:1)
  3 quokkas
  4 bats
  2 frilled lizards (D:1)
  A kobold (D:2)
  3 rats
41 creatures vanquished.

Notes
Turn   | Place    | Note
-------+----------+-------------------------------------------
     0 | D:1      | Wobber the Octopode Transmuter began the quest for the Orb.
     0 | D:1      | Reached XP level 1. HP: 13/13 MP: 3/3
    78 | D:1      | Reached XP level 2. HP: 18/18 MP: 3/5
   108 | D:1      | Learned a level 2 spell: Wereblood
   370 | D:1      | Reached skill level 1 in Ice Magic
   958 | D:2      | Reached XP level 3. HP: 23/23 MP: 4/6
  1328 | D:2      | Found a faded altar of an unknown god.
  2300 | D:3      | Found a stormy altar of Qazlal.
  2339 | D:3      | Found a broken altar of Ashenzari.
  2346 | D:3      | Became a worshipper of Ashenzari the Shackled
  2631 | D:3      | Reached XP level 4. HP: 19/28 MP: 5/7
  2702 | D:3      | Identified a scroll of acquirement
  2702 | D:3      | Acquired 543 gold pieces
  2731 | D:4      | Found a staircase to the Ecumenical Temple.
  2735 | D:4      | Found a hide-covered altar of Uskayaw.
  2738 | D:4      | Noticed a +0 hand axe
  2738 | D:4      | Noticed a +0 dagger
  2752 | D:4      | Noticed a black bear
  2761 | D:4      | Slain by a black bear

Illustrated notes

Levels and vault maps discovered:
D:1:      lightli_arrival_windingriver, layout_basic
D:2:      layout_basic, nicolae_ecumenical_oubliette
D:3:      layout_loops_cross, nicolae_qazlal_scattered_showers,
          mainiacjoe_overflow_chevrons
D:4:      layout_loops_corners, nzn_wu_jian_contemplation,
          dancing_weapons_uskayaw, minmay_temple_entry_trees, serial_shops,
          nicolae_diamond_shop, nicolae_lakefront_shop, shop,
          nicolae_shop_crystal, nicolae_shop_hallway_stairs,
          gammafunk_ghost_grave, kennysheep_opposing_triangles

Skill      XL: |  1  2 |
---------------+-------+-----
Ice Magic      | 1 |  1.9
Fighting       | |  1.0
Dodging        | |  2.4
Unarmed Combat | |  3.0
Spellcasting   | |  2.3
Transmutations | |  2.8

Action                     |  1- 3 |  4- 6 || total
---------------------------+-------+-------++-------
  Melee: Unarmed           |    95 |     7 ||   102
         Constrict         |    21 |     2 ||    23
         Kick              |    26 |     2 ||    28
         Tentacles         |    13 |     1 ||    14
         Punch             |     2 |     1 ||     3
   Fire: Sling             |     2 |       ||     2
   Cast: Beastly Appendage |    34 |     3 ||    37
         Wereblood         |       |     1 ||     1
    Use: Scroll            |       |     8 ||     8
   Stab: Sleeping          |    10 |       ||    10
 Armour: Skin              |     4 |       ||     4
  Dodge: Dodged            |    46 |     6 ||    52

Table legend: (Time is in decaauts)
 A = Elapsed time spent in this place.
 B = Non-inter-level travel time spent in this place.
 C = Inter-level travel time spent in this place.
 D = Time resting spent in this place.
 E = Time spent auto-exploring this place.
 F = Levels seen in this place.
 G = Mean time per level.
                   A        B        C        D        E       F      G
               +--------+--------+--------+--------+--------+-----+--------+
         Total |   2751 |   2701 |     50 |      0 |   2280 |   4 |  687.8 |
       Dungeon |   2751 |   2701 |     50 |      0 |   2280 |   4 |  687.8 |
               +--------+--------+--------+--------+--------+-----+--------+

Top non-repeatable levels by time:
     D:1: 946 daAuts
     D:2: 906 daAuts
     D:3: 869 daAuts
     D:4: 29 daAuts
